 Dungeon Crawl Stone Soup version 0.21-a0-221-gfe971b9 (webtiles) character file.

136 pkoi the Slasher (level 4, -1/39 HPs)
             Began as a Minotaur Monk on Aug 24, 2017.
             Was a Priest of Yredelemnul.
             Slain by pokedragonboy's ghost (7 damage)
             ... on level 3 of the Dungeon.
             The game lasted 00:03:17 (1748 turns).

pkoi the Slasher (Minotaur Monk)                    Turns: 1748, Time: 00:03:18

Health: -1/39      AC:  5    Str: 16    XL:     4   Next: 98%
Magic:  3/3        EV: 12    Int:  7    God:    Yredelemnul [***...]
Gold:   172        SH:  0    Dex: 13    Spells: 3/3 levels left

rFire    . . .     SeeInvis .   a - +0 falchion
rCold    . . .     Gourm    .   (no shield)
rNeg     . . .     Faith    .   m - +0 ring mail (curse)
rPois    .         Spirit   .   (helmet restricted)
rElec    .         Reflect  .   (no cloak)
rCorr    .         Harm     .   (no gloves)
MR       .....                  (no boots)
Stlth    +.........             (no amulet)
HPRegen  0.13/turn              (no ring)
MPRegen  0.08/turn              (no ring)

@: no status effects
A: retaliatory headbutt, horns 2
a: Recall Undead Slaves, Injury Mirror, Animate Dead, Renounce Religion


You were on level 3 of the Dungeon.
You worshipped Yredelemnul.
Yredelemnul was most pleased with you.
You were not hungry.

You visited 1 branch of the dungeon, and saw 3 of its levels.

You collected 172 gold pieces.

Inventory:

Hand Weapons
 a - a +0 falchion (weapon)
Missiles
 d - 2 tomahawks (quivered)
Armour
 m - a cursed +0 ring mail (worn)
Scrolls
 f - 2 scrolls of remove curse {unknown}
 p - a scroll of amnesia {unknown}
 q - a scroll of random uselessness {unknown}
Potions
 b - a potion of berserk rage {unknown}
 e - 3 potions of lignification {unknown}
 g - 2 potions of curing {unknown}
 h - 2 potions of heal wounds {unknown}
 j - a potion of haste {unknown}
 k - 2 potions of invisibility {unknown}
 o - a potion of cancellation {unknown}
 r - a potion of mutation {unknown}
Comestibles
 c - 2 bread rations
 i - 7 chunks of flesh
 l - a fruit
 n - a meat ration


   Skills:
 - Level 3.6 Fighting
 + Level 5.9 Long Blades
 + Level 2.5 Throwing
 - Level 3.2 Dodging
 - Level 1.5 Stealth


You had 3 spell levels left.
You didn't know any spells.

Dungeon Overview and Level Annotations

Branches:
Dungeon (3/15)

Altars:
Makhleb
Yredelemnul

Annotations:
D:3 pokedragonboy's ghost, amateur OpTm


Innate Abilities, Weirdness & Mutations

You reflexively headbutt those who attack you in melee.
You have a pair of horns on your head.


Message History

The adder is severely wounded.
The adder bites you.
* * * LOW HITPOINT WARNING * * *
Your kobold zombie hits pokedragonboy's ghost.
Pokedragonboy's ghost closely misses you.
You riposte.
You closely miss pokedragonboy's ghost. You headbutt pokedragonboy's ghost.
Pokedragonboy's ghost is almost destroyed.
You closely miss the adder.
The adder is severely wounded.
The adder closely misses you. Pokedragonboy's ghost hits you.
* * * LOW HITPOINT WARNING * * *
Your kobold zombie completely misses pokedragonboy's ghost.
Unknown command.
You hit the adder.
You kill the adder!
Yredelemnul accepts your kill. Pokedragonboy's ghost hits you!
You die...
Your body rises from the dead as a mindless zombie.

#........####
#...>.......### ##
#.......<##...# #.
#).........##..
######.############.####
........# #######
........##########......
.......WZZ..)......#####
....$..@############
#########


You could see pokedragonboy's ghost, a friendly rat zombie and a friendly kobold
zombie.

Vanquished Creatures
  4 adders
  An ooze (D:1)
  2 worms
  5 dart slugs
  A leopard gecko (D:1)
  2 orcs (D:3)
  A ball python (D:1)
  3 giant cockroaches (D:2)
  11 hobgoblins
  8 jackals (D:1)
  4 bats
  7 frilled lizards
  8 goblins
  10 kobolds
  8 rats
75 creatures vanquished.

Vanquished Creatures (collateral kills)
  A ball python (D:2)
  A hobgoblin (D:2)
2 creatures vanquished.

Vanquished Creatures (others)
  2 kobold zombies (D:2)
  A rat zombie (D:2)
3 creatures vanquished.

Grand Total: 80 creatures vanquished

Notes
Turn   | Place    | Note
-------+----------+-------------------------------------------
     0 | D:1      | pkoi the Minotaur Monk began the quest for the Orb.
     0 | D:1      | Reached XP level 1. HP: 19/19 MP: 0/0
    40 | D:1      | Reached skill level 4 in Long Blades
    45 | D:1      | Reached XP level 2. HP: 21/26 MP: 1/1
   467 | D:1      | Reached XP level 3. HP: 31/31 MP: 2/2
   474 | D:1      | Reached skill level 1 in Throwing
   519 | D:1      | Reached skill level 5 in Long Blades
   976 | D:2      | Found a faded altar of an unknown god.
  1016 | D:2      | Reached XP level 4. HP: 33/39 MP: 3/3
  1174 | D:2      | Became a worshipper of Yredelemnul the Dark
  1174 | D:2      | Reached * piety under Yredelemnul
  1174 | D:2      | Reached ** piety under Yredelemnul
  1328 | D:2      | Reached *** piety under Yredelemnul
  1477 | D:2      | Found a burning altar of Makhleb.
  1738 | D:3      | Noticed pokedragonboy's ghost (amateur OpTm)
  1748 | D:3      | Slain by pokedragonboy's ghost

Vault maps used:
D:1:      co_arrival_two_rings
D:2:      nicolae_overflow_crystal_walls, chequers_ecumenical_altar_island,
          minmay_strange_pillars, minmay_pentomino_z2
D:3:      first_bread, uniq_jessica

Skill      XL: |  1  2  3  4 |
---------------+-------------+-----
Long Blades    | 4 5 |  5.9
Throwing       | 1 2 |  2.5
Fighting       | |  3.6
Dodging        | |  3.2
Stealth        | |  1.5

Action                   |  1- 3 |  4- 6 || total
-------------------------+-------+-------++-------
Melee: Falchion          |    87 |    72 ||   159
       Headbutt          |    13 |    13 ||    26
Throw: Tomahawk          |     5 |       ||     5
Invok: Animate Remains   |       |     4 ||     4
       Animate Dead      |       |     3 ||     3
 Stab: Sleeping          |     2 |       ||     2
       Distracted        |     1 |     1 ||     2
  Eat: Chunk             |       |     5 ||     5
Armor: Robe              |     4 |       ||     4
       Ring mail         |     8 |    17 ||    25
Dodge: Dodged            |    55 |    54 ||   109
       Rpst.: Falchion   |     8 |    12 ||    20

Table legend:
 A = Spawn XP
 B = Non-spawn XP
 C = Spawn XP percentage of total XP
 D = Spawn monster count
 E = Non-spawn monster count
 F = Spawn count percentage of total count
 G = Total turns spent on level
                    A         B        C        D         E        F      G
               +---------+---------+-------+---------+---------+-------+---------
         Total |      16 |     179 |   8.2 |       9 |      68 |  11.7 |  1748
               +---------+---------+-------+---------+---------+-------+---------
           D:1 |      10 |      59 |  14.5 |       5 |      29 |  14.7 |   920
           D:2 |       6 |      73 |   7.6 |       4 |      28 |  12.5 |   659
           D:3 |       0 |      47 |   0.0 |       0 |      11 |   0.0 |   169
               +---------+---------+-------+---------+---------+-------+---------
